 Dungeon Crawl Stone Soup version 0.32-a0-422-g28b100f618 (webtiles) character file.

Game seed: 4698112053187126564

2981 senseless the Ducker (level 9, 0/63 HPs)
             Began as an Octopode Shapeshifter on Feb 21, 2024.
             Was a Priest of Cheibriados.
             Splashed by a jelly's acid (6 damage)
             ... on level 7 of the Dungeon.
             The game lasted 00:14:22 (6244 turns).

senseless the Ducker (Octopode Shapeshifter)        Turns: 6244, Time: 00:14:23

Health: 0/63       AC:  5    Str: 23    XL:     9   Next: 83%
Magic:  18/21      EV: 17    Int: 24    God:    Cheibriados [***...]
Gold:   347        SH:  0    Dex: 18    Spells: 12/12 levels left

rFire   . .          .
                       - Unarmed
rCold   . . .        (no shield)
rNeg    . . .        (helmet currently unavailable)
rPois   .            (no amulet)
rElec   .            e - ring of willpower
rCorr   .            g - +6 ring of intelligence
SInv    .            r - ring of magical power
Will    ++...        l - ring of willpower
Stlth   +++++        y - +4 ring of protection
HPRegen 0.30/turn    (no ring)
MPRegen 0.17/turn    (no ring)
                     (no ring)

%: no passive effects
@: beast-form, weakened, very slow
A: beast (slay +2), almost no armour, amphibious, 8 rings, camouflage 1,
gelatinous body 1, (nimble swimmer 1), tentacles
a: Begin Untransformation, Renounce Religion, Bend Time, Temporal Distortion


You were on level 7 of the Dungeon.
You worshipped Cheibriados.
Cheibriados was most pleased with you.
You were a hulking beast.
You visited 1 branch of the dungeon, and saw 7 of its levels.

You collected 347 gold pieces.

Inventory:

Hand Weapons
 n - a +4 dire flail of freezing
Missiles
 h - 24 poisoned darts (quivered)
 p - 4 darts of dispersal
Magical Staves
 q - a staff of cold
Jewellery
 e - a ring of willpower (left tentacle)
 g - a +6 ring of intelligence (right tentacle)
 l - a ring of willpower (on tentacle)
 r - a ring of magical power (on tentacle)
 y - a +4 ring of protection (on tentacle)
Talismans
 b - a beast talisman (active)
 c - a flux talisman
 z - a serpent talisman
Wands
 k - a wand of flame (11)
 w - a wand of paralysis (8)
Scrolls
 d - 3 scrolls of blinking
 v - a scroll of fog
 x - a scroll of teleportation
Potions
 a - 3 potions of lignification
 i - a potion of cancellation
 j - a potion of attraction
 m - a potion of haste
 s - 3 potions of curing
 t - a potion of brilliance


   Skills:
 * Level 6.6 Fighting
 * Level 7.1 Dodging
 + Level 7.0 Stealth
 + Level 5.6 Unarmed Combat
 + Level 2.2 Spellcasting
 + Level 2.5 Ice Magic
 + Level 5.2 Shapeshifting


You had 12 spell levels left.
You didn't know any spells.
Your spell library contained the following spells:

 Spells                   Type           Power      Damage    Failure   Level
 Freeze                   Ice            56%        1d7       4%          1
 Necrotise                Necr           8%         1d4       12%         1
 Frozen Ramparts          Ice            28%        1d5       13%         3
 Hailstorm                Conj/Ice       8%         3d5       22%         3
 Vampiric Draining        Necr           2%         2d6       34%         3
 Martyr's Knell           Necr/Summ      2%         N/A       75%         4
 Curse of Agony           Necr           2%         N/A       97%         5


Dungeon Overview and Level Annotations

Branches:
Dungeon (7/15)
 Temple: D:4-7

Altars:
Cheibriados
Elyvilon
Nemelex Xobeh
Okawaru
Qazlal
Trog
Uskayaw
Wu Jian
Xom

Shops:
D:5 [


Innate Abilities, Weirdness & Mutations

You are a hulking beast.
Your limbs bulge with bestial killing power. (Slay +2)
You cannot wear most types of armour.
You are amphibious.
You can wear up to eight rings at the same time.
Your skin changes colour to match your surroundings (Stealth+).
Your rubbery body absorbs attacks. (AC +1, EV +1)
((You are camouflaged when in or above water. (Stealth+)))
You have tentacles for arms and can constrict up to eight enemies at once.


Message History

You release your grip on the gnoll bouda.
You hear the steady creaking of a very distant portcullis.
The gnoll attacks as it pursues you! The gnoll misses you.
The gnoll closely misses you.
The gnoll hits you from afar with a +0 spear.
The jelly quivers.
You tentacle-slap the gnoll. Your grab misses the gnoll.
The gnoll is moderately wounded.
The gnoll closely misses you. The gnoll bouda misses you. The gnoll misses you.
You tentacle-slap the gnoll. Your grab misses the gnoll.
Your squeeze misses the gnoll.
The gnoll is moderately wounded.
The gnoll misses you. The gnoll bouda completely misses you.
The gnoll throws a throwing net.
The throwing net misses you.
You tentacle-slap the gnoll. You grab the gnoll.
The gnoll is severely wounded.
You constrict the gnoll. The gnoll completely misses you.
The gnoll bouda prays to its god.
The gnoll bouda is healed somewhat.
The gnoll hits you from afar with a +0 spear.
* * * LOW HITPOINT WARNING * * *
You tentacle-slap the gnoll.
You kill the gnoll!
Cheibriados appreciates the change of pace.
The gnoll bouda gazes fiercely through you!
You feel as though you will be weak longer.
The gnoll bouda hits you with a +0 whip.
* * * LOW HITPOINT WARNING * * *
The jelly misses you. The flow of time bends around you.
The gnoll bouda resists with some effort.
Cheibriados rebukes the jelly.
The jelly seems to slow down.
The gnoll closely misses you.
The gnoll bouda hits you with a +0 whip!
* * * LOW HITPOINT WARNING * * *
The jelly hits you.
* * * LOW HITPOINT WARNING * * *
You are splashed with acid.
You die...
Cheibriados appreciates the motionlessness of death.

#$ +.....'...#
##.######'''######
#.................#
#.......#########.#
#..#.#..# # ##.#.#
###.# #..####(#.#
#(....hJg.#
#.###)g..>#
#.........
#..$..#### ......#
...###.# .... ..
.##. #.#


You could see a gnoll bouda, a jelly (slow) and a gnoll (swift).

Vanquished Creatures
  Pikel (D:5)
  Sigmund (D:3)
  Edmund (D:4)
  A water moccasin (D:5)
  Duvessa (D:4)
  An orc warrior (D:6)
  2 black bears
  2 ice beasts
  A lemure (D:5)
  Blork the orc (D:5)
  2 scorpions
  A bullfrog (D:7)
  8 wights
  Dowan (D:4)
  2 howler monkeys (D:5)
  An orc priest (D:6)
  7 hounds
  A jelly (D:4)
  A sleepcap (D:5)
  Ijyb (D:3)
  Natasha (twice) (D:3)
  2 iguanas
  10 gnolls
  6 adders
  2 shadow imps
  A white imp (D:7)
  2 ufetubi (D:6)
  3 dart slugs
  10 orcs
  4 bats
  8 endoplasms
  4 giant cockroaches
  6 goblins
  7 hobgoblins
  11 jackals
  4 quokkas
  2 training dummies (D:4)
  5 ball pythons
  3 frilled lizards (D:1)
  9 kobolds
  6 rats
144 creatures vanquished.

Vanquished Creatures (others)
  5 dream sheep (D:5)
5 creatures vanquished.

Grand Total: 149 creatures vanquished

Notes
Turn   | Place    | Note
-------+----------+-------------------------------------------
     0 | D:1      | senseless the Octopode Shapeshifter began the quest for the
                  | Orb.
     0 | D:1      | Reached XP level 1. HP: 13/13 MP: 1/1
   109 | D:1      | Reached XP level 2. HP: 18/18 MP: 2/2
   176 | D:1      | Reached skill level 1 in Stealth
   244 | D:1      | Reached XP level 3. HP: 17/23 MP: 3/3
   535 | D:1      | Found a faded altar of an unknown god.
   808 | D:2      | Reached XP level 4. HP: 23/29 MP: 4/4
  1256 | D:3      | Noticed Sigmund
  1264 | D:3      | Killed Sigmund
  1265 | D:3      | Reached XP level 5. HP: 19/36 MP: 5/5
  1265 | D:3      | Reached XP level 6. HP: 22/41 MP: 6/6
  1349 | D:3      | Noticed Ijyb
  1360 | D:3      | Killed Ijyb
  1546 | D:3      | Found a sparkling altar of Nemelex Xobeh.
  1583 | D:3      | Found a white marble altar of Elyvilon.
  1591 | D:3      | Noticed Natasha
  1598 | D:3      | Killed Natasha
  1718 | D:3      | Noticed Natasha
  1725 | D:3      | Killed Natasha
  1967 | D:3      | Found a snail-covered altar of Cheibriados.
  2172 | D:3      | Found a hide-covered altar of Uskayaw.
  2395 | D:3      | Became a worshipper of Cheibriados the Contemplative
  2472 | D:4      | Reached XP level 7. HP: 36/46 MP: 7/7
  2676 | D:4      | Noticed Duvessa
  2676 | D:4      | Noticed Dowan
  2687 | D:4      | Killed Dowan
  2695 | D:4      | Killed Duvessa
  2871 | D:4      | Noticed Edmund
  2883 | D:4      | HP: 1/48 [Edmund/+3 flail of holy wrath (9)]
  2885 | D:4      | Killed Edmund
  3273 | D:4      | Found an ornate altar of the Wu Jian Council.
  3286 | D:4      | Reached * piety under Cheibriados
  3287 | D:4      | Reached skill level 5 in Dodging
  3619 | D:4      | Reached XP level 8. HP: 54/54 MP: 8/8
  3650 | D:5      | Entered Level 5 of the Dungeon
  3799 | D:5      | Found an iron altar of Okawaru.
  3804 | D:5      | Noticed Blork the orc
  3812 | D:5      | Killed Blork the orc
  3813 | D:5      | Reached skill level 5 in Stealth
  4100 | D:5      | Reached skill level 5 in Fighting
  4163 | D:5      | Reached ** piety under Cheibriados
  4276 | D:5      | Noticed an animated plate armour
  4279 | D:5      | Found Siarer's Armour Emporium.
  4281 | D:5      | Noticed an animated shadow dragon scales
  4348 | D:5      | Found a stormy altar of Qazlal.
  4581 | D:5      | Reached skill level 5 in Unarmed Combat
  4581 | D:5      | Noticed Pikel
  4586 | D:5      | Killed Pikel
  4587 | D:5      | Reached skill level 1 in Spellcasting
  4587 | D:5      | Reached skill level 1 in Ice Magic
  4587 | D:5      | Reached XP level 9. HP: 62/62 MP: 10/10
  4793 | D:5      | Found a shimmering altar of Xom.
  5530 | D:6      | Reached skill level 5 in Shapeshifting
  6140 | D:7      | Reached *** piety under Cheibriados
  6218 | D:7      | Found a bloodstained altar of Trog.
  6244 | D:7      | Splashed by a jelly's acid

Illustrated notes

Levels and vault maps discovered:
D:1:      elethiomel_arrival_quiet, layout_basic, ebering_ecumenical_altar_mist,
          nicolae_kite_square_tiling_tiny
D:2:      layout_basic
D:3:      layout_basic, mainiacjoe_overflow_alcove_2, cheibriados_altar_1,
          elyvilon_altar_5, nemelex_dance_club_becter, minmay_hedge_maze,
          uniq_natasha, uniq_ijyb, uniq_sigmund
D:4:      dreamdust_elfheim, layout_basic, lemuel_round_altar,
          minmay_misc_feat_more_columns, uniq_edmund
D:5:      layout_cave_pools, kb_xom_exploding_sheep, kennysheep_mini,
          okawaru_ov_weapons_minmay, serial_shops, nicolae_shop_mannequins,
          supply_closet_lemuel, minmay_misc_feat_x, uniq_blork_the_orc,
          uniq_pikel
D:6:      layout_loops_ring
D:7:      layout_loops_ring, mainiacjoe_overflow_big_doors,
          minmay_temple_entry_glass, enter_bailey_7, serial_park_tiny_pond,
          uniq_maurice, uniq_duvessa, uniq_crazy_yiuf_cottage

Skill      XL: |  1  2  3  4  5  6  7  8  9 |
---------------+----------------------------+-----
Stealth        | 1 3 4 6 7 |  7.0
Fighting       | 2 3 4 5 6 |  6.6
Dodging        | 3 4 5 6 7 |  7.1
Unarmed Combat | 4 5 |  5.6
Shapeshifting  | 4 5 |  5.2
Spellcasting   | 1 2 |  2.2
Ice Magic      | 1 2 |  2.5

Action                     |  1- 3 |  4- 6 |  7- 9 || total
---------------------------+-------+-------+-------++-------
  Melee: Unarmed           |    50 |       |   131 ||   181
         Constrict         |    16 |    21 |    48 ||    85
         Tentacles         |     6 |    39 |    44 ||    89
         Punch             |     3 |       |     7 ||    10
         Short sword       |     6 |   137 |    54 ||   197
  Throw: Dart              |       |    14 |    34 ||    48
 Invoke: Bend Time         |       |       |     1 ||     1
  Evoke: Wand              |       |       |    20 ||    20
    Use: Scroll            |       |       |    10 ||    10
   Stab: Sleeping          |     6 |     5 |    11 ||    22
 Armour: Skin              |    28 |    24 |    86 ||   138
  Dodge: Dodged            |    38 |    30 |   133 ||   201

Table legend: (Time is in decaauts)
 A = Elapsed time spent in this place.
 B = Non-inter-level travel time spent in this place.
 C = Inter-level travel time spent in this place.
 D = Time resting spent in this place.
 E = Time spent auto-exploring this place.
 F = Levels seen in this place.
 G = Mean time per level.
                   A        B        C        D        E       F      G
               +--------+--------+--------+--------+--------+-----+--------+
         Total |   7033 |   6678 |    355 |    450 |   5129 |   7 | 1004.7 |
       Dungeon |   7033 |   6678 |    355 |    450 |   5129 |   7 | 1004.7 |
               +--------+--------+--------+--------+--------+-----+--------+

Top non-repeatable levels by time:
     D:5: 1566 daAuts
     D:4: 1500 daAuts
     D:6: 1191 daAuts
     D:3: 1159 daAuts
     D:1: 699 daAuts
     D:2: 552 daAuts
     D:7: 363 daAuts
